Map: Thunderbird LE

Players

ShoWTimE - Winner!

  • Race: Protoss Protoss
  • Spawn Location: 5:00

Harstem

  • Race: Protoss Protoss
  • Spawn Location: 11:00

VOD

Have the link to the VOD?

Description

Time

  • Played on: Sept. 6, 2019, 10:03 p.m.
  • Length: 9:07
Show
View Real Time Build Order
Export as new Build Order

ShoWTimE Protoss - Winner!

Build Orders: Phoenix Opening, Zealot Archon 

Get SALT Encoding   

  12  0:00  Probe  
  13  0:12  Probe  
  14  0:16  Pylon  
  14  0:23  Probe  
  15  0:31  Probe  
  16  0:36  Gateway  
  16  0:39  Probe  
  16  0:45  Assimilator  
  17  0:51  Probe  
  17  0:53  Assimilator  
  18  0:59  Probe  
  19  1:07  Probe  
  19  1:08  Gateway  
  19  1:17  Probe  
  20  1:24  Cybernetics Core  
  21  1:29  Probe  
  22  1:41  Pylon  
  22  1:43  Probe  
  23  1:59  Probe  
  23  2:00  Warp Gate, Sentry, Stalker  
  28  2:11  Pylon  
  28  2:17  Shield Battery  
  28  2:27  Sentry  
  30  2:33  Stalker  
  31  2:44  Nexus  
  31  2:48  Probe  
  32  2:53  Shield Battery  
  32  2:55  Sentry  
  34  3:03  Stalker  
  36  3:09  Probe  
  37  3:12  Phoenix  
  37  3:16  Pylon  
  37  3:21  Probe  
  38  3:28  Robotics Facility  
  38  3:30  Probe  
  39  3:38  Probe  
  39  3:47  Probe  
  40  3:49  Phoenix  
  40  3:52  Probe  
  40  3:53  Forge  
  40  3:55  Probe  
  41  4:00  Probe  
  41  4:02  Shield Battery  
  43  4:03  Probe  
  45  4:10  Probe  
  45  4:11  Adept  
  45  4:14  Probe  
  50  4:17  Observer  
  50  4:18  Protoss Ground Weapons Level 1  
  50  4:21  Adept  
  50  4:22  Probe  
  53  4:26  Probe  
  53  4:27  Shield Battery  
  53  4:31  Probe  
  54  4:37  Pylon  
  55  4:38  Probe  
  55  4:39  Probe  
  55  4:43  Phoenix  
  57  4:46  Assimilator  
  57  4:50  Probe  
  57  4:51  Immortal  
  62  4:55  Probe  
  63  5:02  Probe, Assimilator  
  63  5:06  Pylon  
  64  5:07  Probe  
  64  5:14  Twilight Council  
  65  5:15  Probe  
  65  5:20  Pylon  
  66  5:27  Gateway  
  66  5:29  Gateway  
  66  5:32  Pylon  
  66  5:34  Immortal  
  70  5:43  Stalker  
  70  5:47  Zealot  
  74  5:55  Probe x2, Protoss Ground Weapons Level 2  
  74  5:56  Charge  
  70  6:12  Templar Archives  
  70  6:15  Warp Prism, Adept  
  72  6:23  Probe  
  72  6:24  Probe  
  76  6:36  Probe  
  77  6:43  Pylon  
  77  6:46  Nexus  
  77  6:53  High Templar x2  
  79  6:56  Phoenix  
  79  7:07  High Templar x2  
  83  7:12  Pylon, Archon  
  83  7:14  Archon  
  79  7:18  Gateway  
  79  7:20  Gateway  
  79  7:22  Gateway  
  79  7:24  Gateway  
  79  7:25  Probe x2  
  79  7:26  Pylon  
  79  7:27  Shield Battery  
  81  7:36  High Templar x2  
  85  7:39  Pylon  
  85  7:41  Archon  
  85  7:45  Pylon  
  85  7:47  Pylon, Phoenix  
  85  7:54  Zealot x2  
  89  8:03  Probe  
  89  8:04  Probe x2  
  92  8:07  Pylon  
  92  8:10  High Templar x2  
  96  8:15  Zealot x4, Archon  
  96  8:19  Zealot x2  
  108  8:25  Gateway  
  108  8:26  Probe x2  
  110  8:27  Probe  
  89  8:44  Zealot x4  
  89  8:46  Zealot  
  95  8:52  Zealot x3  
Show
View Real Time Build Order
Export as new Build Order

Harstem Protoss 

Build Orders: Zealot Archon 

Get SALT Encoding   

  12  0:00  Probe  
  13  0:12  Probe  
  14  0:17  Pylon  
  14  0:24  Probe  
  15  0:32  Probe  
  15  0:38  Gateway  
  15  0:40  Probe  
  16  0:48  Assimilator  
  17  0:51  Probe  
  17  0:55  Assimilator  
  18  0:59  Probe  
  19  1:07  Gateway, Probe  
  19  1:17  Probe  
  20  1:25  Cybernetics Core  
  21  1:29  Probe  
  22  1:34  Pylon  
  22  1:41  Probe  
  23  1:47  Pylon  
  24  2:01  Adept x2  
  24  2:02  Warp Gate  
  24  2:08  Twilight Council  
  27  2:10  Probe  
  28  2:27  Resonating Glaives  
  28  2:32  Adept x2  
  31  2:56  Nexus  
  31  3:00  Probe  
  32  3:07  Adept  
  32  3:11  Adept  
  36  3:15  Probe  
  37  3:20  Pylon  
  37  3:27  Probe  
  37  3:33  Robotics Facility  
  38  3:39  Probe  
  39  3:50  Sentry  
  39  3:51  Probe, Stalker  
  44  4:01  Pylon  
  44  4:03  Probe  
  44  4:09  Probe  
  46  4:12  Warp Prism  
  46  4:15  Probe  
  47  4:21  Probe  
  50  4:27  Probe  
  51  4:33  Probe  
  52  4:40  Probe  
  52  4:43  Observer  
  52  4:45  Probe  
  54  4:48  Forge  
  54  4:52  Probe  
  56  4:57  Probe  
  56  4:58  Pylon  
  57  5:03  Charge  
  57  5:04  Immortal, Probe, Protoss Ground Weapons Level 1  
  62  5:09  Probe  
  63  5:16  Probe  
  66  5:29  Templar Archives  
  66  5:32  Assimilator  
  66  5:34  Gateway x2  
  64  5:36  Assimilator  
  64  5:37  Probe  
  64  5:38  Probe  
  66  5:54  Probe  
  67  5:59  Probe  
  58  6:07  Probe  
  59  6:12  Immortal, High Templar x2  
  59  6:17  Gateway, Nexus  
  59  6:18  Gateway  
  63  6:20  Archon  
  65  6:27  Shield Battery  
  65  6:33  Adept x2  
  65  6:34  Shield Battery, Probe  
  65  6:35  Shield Battery  
  68  6:53  Probe  
  65  6:57  Nexus  
  65  6:58  Adept x4  
  73  7:03  Pylon  
  73  7:04  Probe  
  73  7:08  Warp Prism  
  76  7:13  Probe  
  77  7:31  Probe  
  77  7:36  Probe  
  79  7:37  Pylon  
  79  7:42  Shield Battery  
  79  7:44  High Templar x2  
  81  7:52  Archon  
  81  7:56  Zealot x4  
  83  8:00  Probe  
  83  8:04  Shield Battery  
  84  8:06  Shield Battery  
  84  8:08  Probe  
  84  8:09  Probe, Robotics Bay  
  86  8:16  High Templar x2  
  86  8:17  Zealot x2  
  94  8:20  Shield Battery  
  94  8:21  Archon  
  94  8:24  Zealot  
  94  8:26  Zealot  
  89  8:40  Zealot x2  
  89  8:46  Zealot  
  83  8:49  Zealot x3  
  64  9:03  Zealot x2  
Tags
 
Add a new tag
Caveats
  • Supply blocks, unpowered buildings, or Contaminate may cause inaccurate times.
  • Supply counts are checked every 10 seconds.